 Dungeon Crawl Stone Soup version 0.28-a0-1143-gcf6077d4cc (webtiles) character file.

Game seed: 7109811222224510793

120 SensoryNuts the Ducker (level 4, -2/34 HPs)
             Began as a Demonspawn Gladiator on Dec 13, 2021.
             Slain by a jelly (3 damage)
             ... on level 3 of the Dungeon.
             The game lasted 00:01:54 (1899 turns).

SensoryNuts the Ducker (Demonspawn Gladiator)       Turns: 1899, Time: 00:01:55

Health: -2/34      AC:  0    Str: 16    XL:     4   Next: 75%
Magic:  4/4        EV: 13    Int: 10    God:
Gold:   113        SH:  0    Dex: 14    Spells: 3/3 levels left

rFire   . . .      SeeInvis .   f - +0 short sword (venom)
rCold   . . .      Faith    .   (no shield)
rNeg    . . .      Spirit   .   b - +0 leather armour
rPois   .          Reflect  .   (helmet restricted)
rElec   .          Harm     .   (no cloak)
rCorr   .          Rampage  .   (no gloves)
Will    .....                   (no boots)
Stlth   +.........              (no amulet)
HPRegen 0.11/turn               (no ring)
MPRegen 0.09/turn               (no ring)

@: corroded
A: antennae 1, spiny 1
a: no special abilities


You were on level 3 of the Dungeon.
You visited 1 branch of the dungeon, and saw 3 of its levels.

You collected 113 gold pieces.

Inventory:

Hand Weapons
 a - a +0 long sword
 f - a +0 short sword of venom (weapon)
Missiles
 d - 3 throwing nets (quivered)
Armour
 b - a +0 leather armour (worn)
 c - a +0 helmet
Jewellery
 e - a ring of ice
Scrolls
 g - a scroll of enchant armour {unknown}
 i - a scroll of vulnerability {unknown}
 j - a scroll of noise {unknown}
 m - a scroll of amnesia {unknown}
Potions
 h - a potion of magic {unknown}
 k - a potion of degeneration {unknown}
 l - a potion of heal wounds {unknown}


   Skills:
 + Level 2.4 Fighting
 + Level 1.1(2.3) Short Blades
 + Level 3.2(3.3) Long Blades
 + Level 1.8 Throwing
 + Level 1.6 Armour
 + Level 3.6 Dodging
 + Level 0.2 Stealth


You had 3 spell levels left.
You didn't know any spells.
Your spell library was empty.

Dungeon Overview and Level Annotations

Branches:
Dungeon (2/15)

Altars:


Innate Abilities, Weirdness & Mutations

You have a pair of small antennae on your head.
You are partially covered in sharp spines.


Message History

Found a stone staircase leading up.
Things that are here:
a +0 club; a goblin corpse
There is an open door here.
Found a stone staircase leading down.
Found 14 stones.
You now have 107 gold pieces (gained 14).
You open the door.
There is an open door here.
You now have 113 gold pieces (gained 6).
You open the door.
A ball python comes into view.
The ball python hisses angrily.
Found 14 arrows.
A ball python is nearby!
A ball python is nearby!
A ball python is nearby!
A jelly comes into view.
The jelly quivers.
There is an open door here.
You hit the ball python.
You kill the ball python!
You hit the jelly.
Your hands burn!
The jelly is lightly wounded.
The jelly misses you.
You hit the jelly.
Your hands burn!
The jelly is moderately wounded.
The jelly hits you. The acid corrodes you!
You are splashed with acid!
You hit the jelly but do no damage.
Your hands burn!
The jelly is moderately wounded.
The jelly is struck by your spines. The jelly closely misses you.
You hit the jelly.
Your hands burn!
The jelly is heavily wounded.
The jelly hits you.
You are splashed with acid!
* * * LOW HITPOINT WARNING * * *
You hit the jelly but do no damage.
Your hands burn!
* * * LOW HITPOINT WARNING * * *
The jelly is heavily wounded.
The jelly hits you.
You die...

##### #....
######################....
.....................'....
.########.############....
#@# #.... #....J.......#
#.... #............+ #....
#............# #....
#.(..........# #....
#............## #....
###########....# #....
+..... #.... #..... ###+#


You could see a jelly.

Vanquished Creatures
  A jelly (D:2)
  An iguana (D:2)
  3 adders
  3 orcs (D:3)
  2 ball pythons
  2 endoplasms (D:1)
  A giant cockroach (D:1)
  4 jackals (D:1)
  5 kobolds
  4 bats (D:1)
  5 frilled lizards
  5 goblins
  3 rats
39 creatures vanquished.

Notes
Turn   | Place    | Note
-------+----------+-------------------------------------------
     0 | D:1      | SensoryNuts the Demonspawn Gladiator began the quest for
                  | the Orb.
     0 | D:1      | Reached XP level 1. HP: 16/16 MP: 1/1
   165 | D:1      | Found a faded altar of an unknown god.
   364 | D:1      | Gained mutation: You are partially covered in sharp spines.
                  | [demonic ancestry]
   364 | D:1      | Reached XP level 2. HP: 11/22 MP: 2/2
  1257 | D:2      | Gained mutation: You have a pair of small antennae on your
                  | head. [demonic ancestry]
  1257 | D:2      | Reached XP level 3. HP: 9/28 MP: 3/3
  1490 | D:2      | Reached XP level 4. HP: 12/34 MP: 4/4
  1701 | D:2      | Reached skill level 1 in Short Blades
  1701 | D:2      | You fall into a shaft and drop 1 floor!
  1714 | D:3      | Reached skill level 1 in Armour
  1899 | D:3      | HP: 1/34 [acid (2)]
  1899 | D:3      | Slain by a jelly

Illustrated notes

Levels and vault maps discovered:
D:1:      minmay_arrival_four_houses, layout_loops_corners,
          nicolae_ecumenical_lake_church
D:2:      minmay_chambers_of_ones, layout_rooms, serial_shops, shop_fountains
D:3:      layout_basic, nicolae_shop_unique_rings, minmay_vboxes, uniq_terence

Skill      XL: |  1  2  3  4 |
---------------+-------------+-----
Dodging        | 3 |  3.6
Long Blades    | 3 |  3.2
Short Blades   | 1 |  1.1
Armour         | 1 |  1.6
Fighting       | |  2.4
Throwing       | |  1.8
Stealth        | |  0.2

Action                   |  1- 3 |  4- 6 || total
-------------------------+-------+-------++-------
Melee: Long sword        |    22 |       ||    22
       Short sword       |    48 |    25 ||    73
 Stab: Sleeping          |     1 |       ||     1
Armor: Leather armour    |    23 |     3 ||    26
Dodge: Dodged            |    39 |    15 ||    54

Table legend: (Time is in decaauts)
 A = Elapsed time spent in this place.
 B = Non-inter-level travel time spent in this place.
 C = Inter-level travel time spent in this place.
 D = Time resting spent in this place.
 E = Time spent auto-exploring this place.
 F = Levels seen in this place.
 G = Mean time per level.
                   A        B        C        D        E       F      G
               +--------+--------+--------+--------+--------+-----+--------+
         Total |   1905 |   1905 |      0 |      0 |   1533 |   3 |  635.0 |
       Dungeon |   1905 |   1905 |      0 |      0 |   1533 |   3 |  635.0 |
               +--------+--------+--------+--------+--------+-----+--------+

Top non-repeatable levels by time:
     D:1: 1217 daAuts
     D:2: 489 daAuts
     D:3: 197 daAuts
